 Dungeon Crawl Stone Soup version 0.23-a0-54-gae6112e (webtiles) character file.

183471 Amnesiac the Zephyrmancer (level 17, 0/128 HPs)
             Began as a Mummy Air Elementalist on Aug 8, 2018.
             Was a High Priest of Sif Muna.
             Slain by a wolf spider (3 damage)
             ... on level 4 of the Lair of Beasts.
             The game lasted 01:49:50 (49730 turns).

Amnesiac the Zephyrmancer (Mummy Air Elementalist) Turns: 49730, Time: 01:49:51

Health: 0/128      AC: 19    Str: 11    XL:     17   Next: 74%
Magic:  0/35       EV: 21    Int: 23    God:    Sif Muna [*****.]
Gold:   2483       SH:  0    Dex: 19    Spells: 1/45 levels left

rFire    + . .     SeeInvis +   a - staff of air
rCold    + + +     Gourm    .   B - +3 buckler
rNeg     + + +     Faith    .   D - +5 robe of Night {Dark MR+ SInv}
rPois    ∞         Spirit   +   w - +2 helmet
rElec    +         Reflect  .   M - +2 cloak {rC+}
rCorr    .         Harm     .   f - +2 pair of gloves of Listlessness {MR+ Int+3 Slay+2}
MR       ++++.                  k - +2 pair of boots {run}
Stlth    +.........             y - amulet of Qusasm {Spirit rF+ rC+}
HPRegen  0.31/turn              p - +5 ring of dexterity
MPRegen  0.24/turn              c - ring of protection from fire

@: confused, slowed, studying Ice Magic, divine energy, deflect missiles, very
slow
A: no food or potions, fire vulnerability, cold resistance 1, negative energy
resistance 3, torment resistance, unbreathing, in touch with death 1
a: Stop Divine Energy, Channel Magic, Forget Spell, Renounce Religion


You were on level 4 of the Lair of Beasts.
You worshipped Sif Muna.
Sif Muna was extremely pleased with you.
You were not hungry.

You visited 6 branches of the dungeon, and saw 28 of its levels.
You also visited: Ice Cave.

You collected 3722 gold pieces.
You spent 1239 gold pieces at shops.

Inventory:

Hand Weapons
 b - a +6 scimitar of flaming
Armour
 f - the +2 pair of gloves of Listlessness (worn) {MR+ Int+3 Slay+2}
   (You found it on level 4 of the Dungeon)

   It affects your intelligence (+3).
   It affects your accuracy and damage with ranged weapons and melee attacks
   (+2).
   It affects your resistance to hostile enchantments.
 k - a +2 pair of boots of running (worn)
 w - a +2 helmet (worn)
 B - a +3 buckler (worn)
 D - the +5 robe of Night (worn) {Dark MR+ SInv}
   (You took it off a deep elf demonologist on level 3 of the Elven Halls)

   It affects your resistance to hostile enchantments.
   It lets you see invisible.
 M - a +2 cloak of cold resistance (worn)
 P - a +2 robe of fire resistance
Magical Staves
 a - an uncursed staff of air (weapon)
Jewellery
 c - a ring of protection from fire (right hand)
 n - an uncursed ring of resist corrosion
 p - a +5 ring of dexterity (left hand)
 q - an uncursed ring of see invisible
 s - an uncursed ring of teleportation
 y - the amulet of Qusasm (around neck) {Spirit rF+ rC+}
   (You bought it in a shop on level 9 of the Dungeon)

   [amulet of guardian spirit]

   It causes incoming damage to be split between your health and magic.
   It protects you from fire.
   It protects you from cold.
 H - a +4 ring of evasion
Wands
 d - a wand of flame (121)
 g - a wand of iceblast (58)
 i - a wand of digging (16)
 u - a wand of disintegration (24)
 v - a wand of paralysis (47)
 x - a wand of acid (11)
 F - a wand of random effects (31)
 N - a wand of polymorph (10)
 O - a wand of clouds (11)
 R - a wand of enslavement (11)
Scrolls
 e - 6 scrolls of remove curse {!r}
 j - 4 scrolls of fog {!r}
 l - 17 scrolls of identify {!r}
 m - a scroll of silence {!r}
 o - 2 scrolls of enchant weapon {!r}
 r - a scroll of blinking {!r}
 t - 14 scrolls of teleportation {!r}
 z - a scroll of vulnerability {!r}
 A - a scroll of summoning {!r}
 E - a scroll of brand weapon {!r}
 J - 4 scrolls of magic mapping {!r}
 L - 4 scrolls of fear {!r}
Books
 I - a manual of Ice Magic
 K - a manual of Ice Magic
Miscellaneous
 h - a phial of floods
 C - a sack of spiders
 G - a lamp of fire (inert)
 Q - a fan of gales (inert)


   Skills:
 - Level 10.0 Fighting
 - Level 10.2 Dodging
 - Level 1.5 Stealth
 - Level 4.0 Shields
 + Level 14.5 Spellcasting
 * Level 14.5 Conjurations
 * Level 14.6 Air Magic
 - Level 8.0 Invocations


You had one spell level left.
You knew the following spells:

 Your Spells              Type           Power        Failure   Level  Hunger
a - Airstrike             Air            #######...   1%          4    N/A
b - Passwall              Tmut/Erth      ###.....     5%          2    N/A
c - Chain Lightning       Conj/Air       #######...   52%         8    N/A
d - Lightning Bolt        Conj/Air       #######...   1%          5    N/A
f - Summon Lightning Spi  Summ/Air       ######..     1%          4    N/A
g - Swiftness             Chrm/Air       ######..     1%          2    N/A
q - Orb of Destruction    Conj           ######....   8%          7    N/A
w - Conjure Ball Lightni  Conj/Air       #######...   1%          6    N/A
z - Deflect Missiles      Chrm/Air       ######....   26%         6    N/A

Your spell library contained the following spells:

 Spells                   Type           Power        Failure   Level  Hunger
 Cause Fear               Hex            ###.......   34%         4    N/A
 Magic Dart               Conj           ####         0%          1    N/A
 Fireball                 Conj/Fire      ######....   4%          5    N/A
 Apportation              Tloc           ###...       3%          1    N/A
 Conjure Flame            Conj/Fire      ######..     1%          3    N/A
 Bolt of Fire             Conj/Fire      ######....   28%         6    N/A
 Bolt of Cold             Conj/Ice       ######....   28%         6    N/A
 Bolt of Magma            Conj/Fire/Erth #####.....   14%         5    N/A
 Slow                     Hex            ###.....     5%          2    N/A
 Confuse                  Hex            ###.....     11%         3    N/A
 Throw Flame              Conj/Fire      ######       1%          2    N/A
 Throw Frost              Conj/Ice       ######       1%          2    N/A
 Freezing Cloud           Conj/Ice/Air   #######...   10%         6    N/A
 Mephitic Cloud           Conj/Pois/Air  #######.     1%          3    N/A
 Ring of Flames           Chrm/Fire      ###.......   100%        7    N/A
 Venom Bolt               Conj/Pois      ######....   4%          5    N/A
 Summon Small Mammal      Summ           ###.         3%          1    N/A
 Bolt of Draining         Conj/Necr      ######....   4%          5    N/A
 Iskenderun's Mystic Bla  Conj           ######..     1%          4    N/A
 Summon Horrible Things   Summ           ###.......   100%        8    N/A
 Animate Skeleton         Necr           N/A          3%          1    N/A
 Freeze                   Ice            ###.         3%          1    N/A
 Ozocubu's Refrigeration  Ice            ###.......   99%         6    N/A
 Sticky Flame             Conj/Fire      ######..     1%          4    N/A
 Summon Ice Beast         Ice/Summ       ###.....     34%         4    N/A
 Ozocubu's Armour         Chrm/Ice       ###.....     11%         3    N/A
 Poison Arrow             Conj/Pois      ######....   28%         6    N/A
 Sting                    Conj/Pois      ####         1%          1    N/A
 Corpse Rot               Necr           N/A          5%          2    N/A
 Iron Shot                Conj/Erth      ######....   28%         6    N/A
 Stone Arrow              Conj/Erth      ######       1%          3    N/A
 Shock                    Conj/Air       ####         0%          1    N/A
 Spider Form              Tmut/Pois      ###.......   11%         3    N/A
 Blade Hands              Tmut           ###.......   69%         5    N/A
 Ice Form                 Ice/Tmut       ###.....     34%         4    N/A
 Dragon Form              Tmut           ###.......   100%        7    N/A
 Throw Icicle             Conj/Ice       ######..     1%          4    N/A
 Glaciate                 Conj/Ice       ######....   100%        9    N/A
 Confusing Touch          Hex            ###...       3%          1    N/A
 Flame Tongue             Conj/Fire      #####        1%          1    N/A
 Sticks to Snakes         Tmut           ###.....     5%          2    N/A
 Ensorcelled Hibernation  Hex/Ice        ###...       5%          2    N/A
 Metabolic Englaciation   Hex/Ice        ###.......   69%         5    N/A
 Summon Butterflies       Summ           ###.....     3%          1    N/A
 Silence                  Hex/Air        ######....   4%          5    N/A
 Dispersal                Tloc           ###.......   99%         6    N/A
 Static Discharge         Conj/Air       #######.     1%          3    N/A
 Corona                   Hex            ###....      3%          1    N/A
 Lee's Rapid Deconstruct  Erth           ###.......   69%         5    N/A
 Sandblast                Erth           ###...       3%          1    N/A
 Simulacrum               Ice/Necr       ####......   99%         6    N/A
 Portal Projectile        Hex/Tloc       ###...       11%         3    N/A
 Petrify                  Tmut/Erth      ###.....     34%         4    N/A
 Leda's Liquefaction      Hex/Erth       ###.......   34%         4    N/A
 Summon Hydra             Summ           ###.......   100%        7    N/A
 Shroud of Golubria       Chrm/Tloc      ###.......   5%          2    N/A
 Inner Flame              Hex/Fire       ###.....     11%         3    N/A
 Beastly Appendage        Tmut           ###...       3%          1    N/A
 Fulminant Prism          Conj/Hex       ######....   1%          4    N/A
 Dazzling Spray           Conj/Hex       ######       1%          3    N/A
 Force Lance              Conj/Tloc      ######..     1%          4    N/A
 Song of Slaying          Chrm           ###.....     5%          2    N/A
 Searing Ray              Conj           ######       0%          2    N/A
 Summon Forest            Summ/Tloc      ###.......   69%         5    N/A
 Dragon's Call            Summ           ###.......   100%        9    N/A
 Spellforged Servitor     Conj/Summ      ######....   83%         7    N/A
 Hydra Form               Tmut           ###.......   99%         6    N/A
 Irradiate                Conj/Tmut      ######....   4%          5    N/A
 Gell's Gravitas          Tloc           ###.......   11%         3    N/A
 Yara's Violent Unravell  Hex/Tmut       ###.......   69%         5    N/A
 Lesser Beckoning         Tloc           ###.......   11%         3    N/A

Dungeon Overview and Level Annotations

Branches:
Dungeon (15/15)            Temple (1/1) D:6            Lair (6/6) D:10
  Swamp (0/4) Lair:2       Spider (1/4) Lair:4        Slime (0/5) Lair:5
    Orc (2/2) D:12            Elf (3/3) Orc:2        Vaults (0/5) D:14
 Depths (0/5) D:15

Altars:
Ashenzari
Cheibriados
Dithmenos
Elyvilon
Fedhas
Gozag
Hepliaklqana
Kikubaaqudgha
Makhleb
Nemelex Xobeh
Okawaru
Qazlal
Ru
Sif Muna
Trog
Uskayaw
Vehumet
Wu Jian
Xom
Yredelemnul
Zin
The Shining One
Beogh

Shops:
D:9 =   Orc:2 [(([   Elf:2 *   Elf:3 ?(

Annotations:
Spider:1 Asterion
Elf:3 2 exclusions


Innate Abilities, Weirdness & Mutations

You do not eat or drink.
Your flesh is vulnerable to fire.
You are immune to poison.
Your flesh is cold resistant. (rC+)
You are immune to negative energy. (rN+++)
You are immune to unholy pain and torment.
You can survive without breathing.
You are in touch with the powers of death.


Message History

The redback is engulfed in blazing flames.
You kill the redback!
Sif Muna accepts your kill. The torpor snail completely misses you.
The wolf spider hits you.
The wolf spider bites you but does no damage.
The torpor snail pulls away from the web.
The redback bites you! The tarantella barely misses you.
You're too confused to move!
The tarantella bites you but does no damage.
The wolf spider misses you. x2; The redback barely misses you.
The tarantella completely misses you. x2; The torpor snail closely misses you.
The wolf spider hits you but does no damage.
The wolf spider bites you but does no damage.
The torpor snail barely misses you. The redback completely misses you.
The tarantella closely misses you. The torpor snail bites you!
* * * LOW HITPOINT WARNING * * *
The tarantella completely misses you.
You are caught in the web!
You are engulfed in blazing flames.
You resist.
* * * LOW HITPOINT WARNING * * *
The wolf spider hits you!
* * * LOW HITPOINT WARNING * * *
The wolf spider barely misses you. The tarantella barely misses you.
The tarantella closely misses you. The redback bites you.
* * * LOW HITPOINT WARNING * * *
The torpor snail is caught in a web!
The wolf spider barely misses you.
The wolf spider bites you but does no damage.
The tarantella bites you but does no damage.
The torpor snail closely misses you. The tarantella bites you.
* * * LOW HITPOINT WARNING * * *
There is a web here.
You disentangle yourself.
The wolf spider hits you.
* * * LOW HITPOINT WARNING * * *
The wolf spider bites you!
* * * LOW HITPOINT WARNING * * *
The tarantella closely misses you.
The wolf spider hits you but does no damage.
The wolf spider completely misses you.
The tarantella bites you but does no damage.
The torpor snail pulls away from the web.
The torpor snail bites you!
* * * LOW HITPOINT WARNING * * *
The tarantella completely misses you. The wolf spider closely misses you. x2
The redback bites you but does no damage.
You're too confused!
Unknown command.
The redback bites you but does no damage.
The tarantella closely misses you.
The torpor snail is caught in a web!
The redback barely misses you.
The torpor snail pulls away from the web.
The torpor snail is caught in a web!
The tarantella bites you but does no damage.
The torpor snail is caught in a web!
You hit the redback.
The redback is electrocuted!
The redback is severely wounded.
The wolf spider hits you.
* * * LOW HITPOINT WARNING * * *
The wolf spider completely misses you. The tarantella closely misses you.
The wolf spider hits you.
* * * LOW HITPOINT WARNING * * *
The wolf spider closely misses you. The redback barely misses you.
The tarantella misses you. The tarantella barely misses you.
The torpor snail pulls away from the web.
The wolf spider hits you.
You die...

..........%.#........#....#
.........^.###...^....#...#
...........###^.....###...#
...........#^##...^.##P...#
###........^^^##....###...##
###.....^...^^^#....###....#
.##.........^>ww...........#
...........^^^^ss.#...#...P#
.%........^^^#ss@^###.....##
..........###..ws^^#......##
##.......###.....##........#
##............###......#.##
#.P..####..### ####..#.##
########P..# #....## #P..##
##..## ##..#########..##
#...#.P#.#P#....##


You could see 3 torpor snails, a wolf spider, 3 tarantellas and a redback.

Vanquished Creatures
  2 deep elf blademasters (Elf:2)
  2 deep elf master archers
  A sphinx (D:13)
  A fire giant (D:13)
  6 deep elf sorcerers
  3 orc warlords
  3 deep elf elementalists
  3 entropy weavers (Lair:3)
  A dire elephant (D:15)
  8 deep elf demonologists (Elf:3)
  4 deep elf annihilators (Elf:3)
  Snorg (Lair:6)
  11 deep elf death magi
  4 deep elf high priests
  Harold (Lair:1)
  4 ghost crabs (Lair:3)
  6 hydras
  3 centaur warriors
  28 dancing weapons
  A catoblepas (Lair:6)
  4 two-headed ogres
  A deep troll shaman (Lair:6)
  4 death yaks (Lair:6)
  Urug (D:11)
  Sonja (D:12)
  14 deep elf knights
  5 fire crabs (Lair:3)
  An unseen horror (shapeshifter) (D:14)
  A wizard (D:14)
  5 unseen horrors
  Pikel (D:7)
  8 deep elf archers
  A lindwurm (Lair:6)
  2 orc knights
  A necromancer (IceCv)
  2 orb spiders (Spider:1)
  6 wolf spiders
  A manticore (D:14)
  49 deep elf magi
  3 orc sorcerers
  7 ugly things
  A salamander (shapeshifter) (Elf:2)
  A cyclops (D:11)
  16 elephants
  6 black mambas
  A moth of wrath (D:8)
  An ice statue (IceCv)
  7 spiny frogs
  An apocalypse crab (Lair:3)
  A rime drake (Lair:6)
  An efreet (D:10)
  10 freezing wraiths (IceCv)
  2 kobold demonologists (D:15)
  10 komodo dragons
  A demonic crawler (Lair:4)
  A tengu conjurer (D:11)
  8 trolls
  3 jumping spiders (Spider:1)
  2 polar bears (Lair:6)
  A merfolk (D:15)
  A polar bear (shapeshifter) (Elf:1)
  3 meliai (D:14)
  3 hornets
  3 hippogriffs
  4 slime creatures (D:13)
  8 blink frogs
  2 water elementals
  A wraith (D:12)
  2 shadows
  2 vampires
  16 redbacks
  2 wyverns
  A tarantella (shapeshifter) (D:14)
  51 yaks
  3 basilisks
  Eustachio (D:6)
  2 tarantellas (Spider:1)
  A hungry ghost (D:7)
  3 vampire mosquitoes (D:14)
  A steam dragon (D:9)
  5 wargs
  2 soldier ants (D:8)
  8 porcupines
  11 water moccasins
  A sky beast (shapeshifter) (D:14)
  18 ice beasts
  2 sky beasts
  3 black bears
  38 orc warriors
  An eye of draining (D:9)
  3 necrophages
  A slave (D:7)
  21 wolves
  2 phantoms
  9 ogres
  7 centaurs
  9 crocodiles
  7 big kobolds
  19 bullfrogs
  An earth elemental (Elf:1)
  3 water moccasin zombies
  A scorpion (D:6)
  An elephant simulacrum (IceCv)
  12 killer bees
  9 wights
  6 howler monkeys
  2 electric eels
  10 crimson imps
  2 bullfrog zombies
  3 jellies
  A quasit (D:9)
  3 centaur zombies
  21 orc priests
  4 centaur skeletons
  A hound (shapeshifter) (D:14)
  A draconian simulacrum (IceCv)
  32 orc wizards
  11 hounds
  3 iguanas
  Jessica (D:2)
  A bullfrog skeleton (D:5)
  2 gnoll shamans (D:10)
  A polar bear simulacrum (IceCv)
  13 worker ants
  5 hell rats (Lair:6)
  4 spriggan simulacra (IceCv)
  2 troll simulacra (IceCv)
  2 wolf simulacra (IceCv)
  5 centaur simulacra (IceCv)
  2 hound zombies
  A hound skeleton (D:11)
  A worker ant zombie (D:5)
  A howler monkey zombie (D:5)
  17 gnolls
  16 adders
  A howler monkey skeleton (D:11)
  5 naga simulacra (IceCv)
  3 ogre simulacra (IceCv)
  4 shadow imps
  12 white imps (IceCv)
  5 oozes
  An adder zombie (D:9)
  4 adder skeletons
  5 worms
  2 dart slugs
  9 leopard geckos
  138 orcs
  6 giant cockroaches
  8 goblins
  9 hobgoblins
  2 jackals (D:2)
  2 quokkas
  4 ball pythons
  6 bats
  7 frilled lizards
  A jackal zombie (D:5)
  34 kobolds
  A leopard gecko skeleton (D:6)
  A leopard gecko zombie (D:5)
  A quokka zombie (D:5)
  12 rats
  3 fungi (Lair:6)
  9 plants (Lair:6)
1058 creatures vanquished.

Vanquished Creatures (others)
  An entropy weaver (Lair:3)
  A deep elf mage (Elf:1)
  115 ball lightnings
  A yak (Lair:5)
  11 fungi
  A plant (Lair:1)
130 creatures vanquished.

Grand Total: 1188 creatures vanquished

Notes
Turn   | Place    | Note
-------+----------+-------------------------------------------
     0 | D:1      | Amnesiac the Mummy Air Elementalist began the quest for the Orb.
     0 | D:1      | Reached XP level 1. HP: 13/13 MP: 4/4
   262 | D:2      | Reached XP level 2. HP: 19/19 MP: 3/5
   266 | D:2      | Learned a level 2 spell: Swiftness
   355 | D:2      | Noticed Jessica
   364 | D:2      | Killed Jessica
   364 | D:2      | Reached XP level 3. HP: 24/24 MP: 3/7
   399 | D:2      | Reached XP level 4. HP: 22/30 MP: 1/9
   405 | D:2      | Learned a level 4 spell: Airstrike
   552 | D:3      | Found an iron altar of Okawaru.
   553 | D:3      | Found a glowing golden altar of the Shining One.
   554 | D:3      | Found a bloodstained altar of Trog.
  1195 | D:4      | Got a pair of polished gloves
  1201 | D:4      | Identified the +2 pair of gloves of Listlessness {MR+ Int+3 Slay+2} (You found it on level 4 of the Dungeon)
  1322 | D:4      | Got a bronze ring mail
  1512 | D:4      | Reached XP level 5. HP: 30/35 MP: 5/11
  2647 | D:5      | Entered Level 5 of the Dungeon
  2668 | D:5      | Reached XP level 6. HP: 40/41 MP: 2/13
  2846 | D:5      | Reached skill level 5 in Spellcasting
  2846 | D:5      | Reached skill level 5 in Air Magic
  2876 | D:5      | Identified the +1 ring mail of the Pure Dreams {rElec rF+ Regen+ Slay+2} (You found it on level 4 of the Dungeon)
  2881 | D:5      | Identified a +2 pair of boots of running (You found it on level 5 of the Dungeon)
  2959 | D:5      | Found a runed door.
  3204 | D:5      | Reached XP level 7. HP: 28/46 MP: 1/15
  3524 | D:5      | Learned a level 1 spell: Shock
  3742 | D:5      | Reached XP level 8. HP: 52/52 MP: 5/18
  4371 | D:6      | Found an ancient bone altar of Kikubaaqudgha.
  4373 | D:6      | Found a hazy altar of Hepliaklqana.
  4405 | D:6      | Found a bloodstained altar of Trog.
  4662 | D:6      | Found a staircase to the Ecumenical Temple.
  4675 | Temple   | Entered the Ecumenical Temple
  4726 | Temple   | Became a worshipper of Sif Muna the Loreminder
  5696 | D:3      | Reached * piety under Sif Muna
  6944 | D:5      | Reached ** piety under Sif Muna
  7066 | D:5      | Reached XP level 9. HP: 57/57 MP: 0/21
  7090 | D:5      | Found a roughly hewn altar of Beogh.
  7187 | D:6      | Noticed Eustachio
  7196 | D:6      | Killed Eustachio
  7598 | D:7      | Noticed an enchanted dagger
  7599 | D:7      | Noticed a dagger
  7600 | D:7      | Found a hide-covered altar of Uskayaw.
  7808 | D:7      | Reached *** piety under Sif Muna
  7907 | D:7      | Noticed Pikel
  7918 | D:7      | Killed Pikel
  7979 | D:7      | Found a stormy altar of Qazlal.
  8195 | D:7      | Reached skill level 10 in Air Magic
  8507 | D:8      | Learned a level 5 spell: Lightning Bolt
  8512 | D:8      | Reached skill level 10 in Spellcasting
  8513 | D:8      | Noticed a two-headed ogre
  8537 | D:8      | Killed a two-headed ogre
  8537 | D:8      | Reached **** piety under Sif Muna
  8537 | D:8      | Reached XP level 10. HP: 63/63 MP: 0/24
  8658 | D:8      | Noticed a two-headed ogre
  8704 | D:8      | Killed a two-headed ogre
  8893 | D:8      | Noticed a moth of wrath
  8896 | D:8      | Found a bloodstained altar of Trog.
  8909 | D:8      | Killed a moth of wrath
  8930 | D:8      | Got a brightly glowing spear
  8962 | D:8      | Identified the +6 spear "Qugguy" {venom, MR+} (You found it on level 8 of the Dungeon)
  9216 | D:9      | Reached ***** piety under Sif Muna
  9234 | D:9      | Identified Sif Muna's Reference Book on Heat (Sif Muna gifted it to you on level 9 of the Dungeon)
  9234 | D:9      | Received a gift from Sif Muna
  9280 | D:9      | Found a sparkling altar of Nemelex Xobeh.
  9317 | D:9      | Reached skill level 1 in Invocations
  9579 | D:9      | Found Nietuq's Jewellery Emporium.
 10048 | D:10     | Entered Level 10 of the Dungeon
 10164 | D:10     | Reached XP level 11. HP: 68/68 MP: 0/26
 10450 | D:9      | Killed an unseen horror
 10450 | D:9      | Reached skill level 5 in Invocations
 10830 | D:10     | Found a staircase to the Lair.
 11371 | D:10     | Killed an unseen horror
 11901 | D:11     | Noticed Urug
 12074 | D:11     | Found a shimmering altar of Xom.
 12184 | D:11     | Reached skill level 1 in Conjurations
 12208 | D:11     | Reached skill level 1 in Fighting
 12362 | D:11     | Noticed an unseen horror
 12366 | D:11     | Killed an unseen horror
 12392 | D:11     | Noticed an unseen horror
 12403 | D:11     | Killed an unseen horror
 12767 | D:11     | Killed Urug
 13389 | D:12     | Noticed a cyan ugly thing
 13540 | D:11     | Killed a cyan ugly thing
 13540 | D:11     | Reached XP level 12. HP: 72/81 MP: 3/27
 13964 | D:12     | Noticed Sonja
 13967 | D:12     | Reached skill level 5 in Dodging
 13974 | D:12     | Killed Sonja
 14408 | D:12     | Found a staircase to the Orcish Mines.
 14517 | Orc:1    | Entered Level 1 of the Orcish Mines
 14726 | Orc:1    | Identified Sif Muna's Catalogue of Arcane Weapons (Sif Muna gifted it to you on level 1 of the Orcish Mines)
 14726 | Orc:1    | Received a gift from Sif Muna
 14820 | Orc:1    | Noticed an orc warlord
 14903 | D:12     | Killed an orc warlord
 15212 | Orc:1    | Reached skill level 5 in Fighting
 15871 | Orc:1    | Noticed an orc warlord
 16232 | Orc:1    | Killed an orc warlord
 16391 | Orc:2    | Entered Level 2 of the Orcish Mines
 16420 | Orc:1    | Learned a level 8 spell: Chain Lightning
 16428 | Orc:1    | Learned a level 7 spell: Orb of Destruction
 16432 | Orc:1    | Learned a level 3 spell: Mephitic Cloud
 16658 | Orc:2    | Found a staircase to the Elven Halls.
 16845 | Orc:2    | Noticed an orc warlord
 16916 | Orc:2    | Killed an orc warlord
 16916 | Orc:2    | Reached skill level 5 in Conjurations
 16960 | Orc:2    | Found a roughly hewn altar of Beogh.
 17169 | Orc:2    | Gained mutation: You are in touch with the powers of death. [Mummy growth]
 17169 | Orc:2    | Reached XP level 13. HP: 78/94 MP: 0/28
 17559 | Orc:2    | Found a roughly hewn altar of Beogh.
 18152 | Orc:2    | Found a roughly hewn altar of Beogh.
 18457 | Orc:2    | Found a roughly hewn altar of Beogh.
 18493 | Orc:2    | Found Kuxt's Armour Shop.
 18706 | Orc:2    | Found Fecogruu's Antique Weapon Shoppe.
 18707 | Orc:2    | Found a roughly hewn altar of Beogh.
 18709 | Orc:2    | Found Fumeah's Antique Armour Emporium.
 18774 | Orc:2    | Found a roughly hewn altar of Beogh.
 18889 | Orc:2    | Found Huries's Weapon Boutique.
 18999 | Orc:2    | Bought a cursed +0 buckler for 16 gold pieces
 19130 | D:9      | Bought the amulet of Qusasm {Spirit rF+ rC+} for 867 gold pieces
 19259 | Elf:1    | Entered Level 1 of the Elven Halls
 19263 | Elf:1    | Reached skill level 1 in Shields
 21890 | Elf:2    | Noticed a deep elf death mage
 21905 | Elf:2    | Identified Weeg's Catalogue of Feathery Damage Dealing (Sif Muna gifted it to you on level 2 of the Elven Halls)
 21905 | Elf:2    | Received a gift from Sif Muna
 21950 | Elf:2    | Killed a deep elf death mage
 21959 | Elf:2    | Killed a ghostly deep elf death mage
 22602 | Elf:2    | Reached XP level 14. HP: 91/106 MP: 6/29
 22711 | Elf:2    | Found a huge runed gate.
 22711 | Elf:2    | Found a huge runed gate.
 22711 | Elf:2    | Found a huge runed gate.
 22712 | Elf:2    | Found a huge runed gate.
 22712 | Elf:2    | Found a huge runed gate.
 23101 | Elf:2    | Found Idim's Assorted Antiques.
 23108 | Elf:2    | Bought a scroll labeled YCVETHAHUG for 38 gold pieces
 23108 | Elf:2    | Bought a scroll labeled VIULOG UNICOTZ for 38 gold pieces
 23304 | Elf:2    | Noticed a deep elf sorcerer
 23312 | Elf:2    | Killed a deep elf sorcerer
 23344 | Elf:3    | Identified a paperback manual
 23344 | Elf:3    | Entered Level 3 of the Elven Halls
 24386 | Elf:2    | Reached skill level 10 in Conjurations
 24918 | Elf:2    | Identified Sif Muna's Tome of Icy Self-Knowledge (Sif Muna gifted it to you on level 2 of the Elven Halls)
 24918 | Elf:2    | Received a gift from Sif Muna
 25816 | Elf:2    | Found Idim's Assorted Antiques.
 26555 | Elf:3    | Noticed a Brimstone Fiend
 26613 | Elf:3    | Noticed a deep elf elementalist
 26624 | Elf:2    | Killed a deep elf elementalist
 26624 | Elf:2    | Reached XP level 15. HP: 104/113 MP: 3/30
 26779 | Elf:3    | Noticed a deep elf master archer
 26797 | Elf:3    | Noticed a deep elf master archer
 27010 | Elf:2    | Learned a level 6 spell: Deflect Missiles
 27153 | Elf:3    | Noticed a deep elf sorcerer
 27158 | Elf:2    | Killed a deep elf sorcerer
 27852 | Elf:3    | Noticed a deep elf blademaster
 27916 | Elf:3    | Noticed a deep elf sorcerer
 28060 | Elf:2    | Killed a deep elf sorcerer
 28176 | Elf:3    | Noticed a deep elf sorcerer
 28197 | Elf:3    | Killed a deep elf sorcerer
 28213 | Elf:3    | Noticed a deep elf sorcerer
 28228 | Elf:2    | Killed a deep elf sorcerer
 28371 | Elf:3    | Got an ancient morningstar {venom}
 28714 | Elf:3    | Received a gift from Sif Muna
 28810 | Elf:2    | Killed a deep elf blademaster
 29203 | Elf:3    | Identified the +10 morningstar of Grandeur {venom, rC++ MR++ Stlth-} (You took it off a deep elf sorcerer on level 3 of the Elven Halls)
 29298 | Elf:3    | Noticed a deep elf blademaster
 29535 | Elf:2    | Killed a deep elf blademaster
 29782 | Elf:3    | Found Eleipnuv's Weapon Boutique.
 29782 | Elf:3    | Found Ucwoasmaed's Magic Scroll Shop.
 30035 | Elf:3    | Noticed an Executioner
 30360 | Elf:3    | Got a crude hand axe {chop}
 30677 | Elf:2    | Killed a deep elf master archer
 30857 | Elf:3    | Killed a deep elf master archer
 30857 | Elf:3    | Reached skill level 10 in Dodging
 31129 | Elf:3    | Reached XP level 16. HP: 109/120 MP: 12/32
 31171 | Elf:3    | Got a shimmering broad axe {chop}
 31172 | Elf:3    | Identified the cursed +1 hand axe "Killer Klown's Foe" {chop, rElec rC- Dex+4} (You took it off a deep elf death mage on level 3 of the Elven Halls)
 31175 | Elf:3    | Identified the +11 broad axe of Hom Qets {chop, rPois rF+} (You took it off a deep elf elementalist on level 3 of the Elven Halls)
 31504 | Elf:3    | Identified Sif Muna's Almanac of Translocation (Sif Muna gifted it to you on level 3 of the Elven Halls)
 31504 | Elf:3    | Received a gift from Sif Muna
 31565 | Elf:3    | Got an iridescent dagger
 31665 | Elf:3    | Identified the cursed +0 dagger of Neteluu {elec, Str+2} (You found it on level 3 of the Elven Halls)
 31671 | Elf:3    | Got a bloodstained plate armour
 31672 | Elf:3    | Identified the +4 plate armour "Inaid" {+Inv} (You found it on level 3 of the Elven Halls)
 32226 | D:13     | Found a frozen archway.
 32233 | IceCv    | Entered an ice cave
 33973 | IceCv    | Found an ancient bone altar of Kikubaaqudgha.
 34653 | D:13     | Found a runed door.
 34723 | D:13     | Noticed a sphinx
 35078 | D:13     | Killed a sphinx
 35274 | D:14     | Identified Ysativ's Almanac of Calling and Poisoning (Sif Muna gifted it to you on level 14 of the Dungeon)
 35274 | D:14     | Received a gift from Sif Muna
 36248 | D:14     | Found a gate to the Vaults.
 36678 | Elf:3    | Bought a scroll of enchant armour for 105 gold pieces
 36678 | Elf:3    | Bought 3 scrolls of teleportation for 126 gold pieces
 36678 | Elf:3    | Bought a scroll of fear for 49 gold pieces
 36812 | D:15     | Entered Level 15 of the Dungeon
 38355 | D:15     | Found a staircase to the Depths.
 39081 | Lair:1   | Entered Level 1 of the Lair of Beasts
 39867 | Lair:1   | Noticed Harold
 39877 | Lair:1   | Killed Harold
 41523 | Lair:2   | Learned a level 2 spell: Passwall
 42336 | Lair:2   | Identified Isonagyj's Handbook of Poison and Confrontation (Sif Muna gifted it to you on level 2 of the Lair of Beasts)
 42336 | Lair:2   | Received a gift from Sif Muna
 42348 | Lair:2   | Learned a level 4 spell: Summon Lightning Spire
 42360 | Lair:2   | Found a staircase to the Swamp.
 42841 | Lair:3   | Reached XP level 17. HP: 127/127 MP: 17/34
 42843 | Lair:3   | Reached skill level 10 in Fighting
 42895 | Lair:3   | Found a runed door.
 45527 | Lair:4   | Found a hole to the Spider Nest.
 45709 | Spider:1 | Entered Level 1 of the Spider Nest
 47000 | Lair:5   | Found a staircase to the Slime Pits.
 47125 | Lair:5   | Learned a level 6 spell: Conjure Ball Lightning
 47137 | Lair:6   | Entered Level 6 of the Lair of Beasts
 47153 | Lair:6   | Noticed Snorg
 47154 | Lair:6   | Killed Snorg
 47154 | Lair:6   | Identified Sif Muna's Volume of Destructive Dislocation (Sif Muna gifted it to you on level 6 of the Lair of Beasts)
 47154 | Lair:6   | Received a gift from Sif Muna
 49188 | Spider:1 | Noticed Asterion
 49727 | Lair:4   | HP: 4/128 [torpor snail (9)]
 49730 | Lair:4   | Slain by a wolf spider

Vault maps used:
D:1:      eino_arrival_cavern_a
D:2:      first_ration, minmay_misc_feat_tower, uniq_jessica
D:3:      gammafunk_temple_overflow_forgotten
D:5:      serial_undead, serial_undead_c, serial_undead_e, serial_undead_b,
          serial_undead_b, hex_large, lightli_church_of_beogh
D:6:      minitemple, minmay_temple_entry_fiery, trog_hazing_becter,
          uniq_eustachio
D:7:      cheibrodos_helix_gallery, dancing_weapons_uskayaw,
          lemuel_doored_altar, uniq_pikel
D:8:      hangedman_pestilent_swarm, tgw_trog
D:9:      nicolae_overflow_hidden_temple, serial_shops, nicolae_shop_statue_plus
D:10:     lair_entry_dummy
D:11:     basic_altar, grunt_tough_drop, uniq_urug
D:12:     orc_0_dummy, uniq_sonja
D:13:     portal_ice_cave_entry_ice_beasts, kennysheep_treasure_room
D:14:     david_vaults_2
D:15:     hangedman_depths_entry_try_elsewhere_first, serial_bayou_ford_a
Temple:   eino_temple_water
Lair:1:   uniq_harold
Lair:2:   swamp_mist, beast_lair_carwin_4
Lair:3:   gammafunk_mikee_crab_dinner, beast_lair_carwin_6
Lair:4:   spider_nest_entry_webs
Lair:5:   nicolae_slime_entry_slimehenge, st_stairs_10
Lair:6:   grunt_lair_end_beastmaster, uniq_snorg
Spider:1: uniq_asterion
Orc:1:    cheibrodos_orc_arena
Orc:2:    grunt_orc_community_town_hall, grunt_orc_community_big_house_2,
          grunt_orc_community_big_house_2, grunt_orc_community_house_3,
          grunt_orc_community_house_1, grunt_orc_community_house_3,
          grunt_orc_community_house_2, basic_altar
Elf:1:    kennysheep_underground_church, minivault_19, grunt_ministairs_7,
          item_on_display_a
Elf:2:    serial_shops, shop
Elf:3:    grunt_elf_hall_branching, minmay_shoptagon
IceCv:    ice_cave_small_necro

Skill      XL: |  1  2  3  4  5  6  7  8  9 10 11 12 13 14 15 16 17 |
---------------+----------------------------------------------------+-----
Spellcasting   | 3 4 5 7 8 10 11 12 13 14 | 14.5
Air Magic      | 3 4 5 6 8 10 11 12 13 14 | 14.6
Invocations    | 4 8 |  8.0
Conjurations   | 3 5 7 11 12 13 14 | 14.5
Dodging        | 4 7 9 10 | 10.2
Fighting       | 3 6 8 9 10 | 10.0
Shields        | 4 |  4.0
Stealth        | |  1.5

Action                   |  1- 3 |  4- 6 |  7- 9 | 10-12 | 13-15 | 16-18 || total
-------------------------+-------+-------+-------+-------+-------+-------++-------
Melee: Unarmed           |     5 |       |       |       |       |       ||     5
       Short sword       |    13 |     7 |       |       |       |       ||    20
       Long sword        |       |     6 |    66 |       |       |       ||    72
       Scimitar          |       |       |    21 |   208 |    92 |       ||   321
       Staff             |       |       |       |       |    21 |   270 ||   291
 Cast: Shock             |    24 |   122 |    58 |       |       |       ||   204
       Airstrike         |       |     3 |   151 |   502 |   473 |   546 ||  1675
       Swiftness         |       |     1 |     1 |       |       |       ||     2
       Lightning Bolt    |       |       |       |    32 |    81 |   127 ||   240
       Deflect Missiles  |       |       |       |       |     4 |     3 ||     7
       Passwall          |       |       |       |       |       |     2 ||     2
       Conjure Ball Ligh |       |       |       |       |       |    51 ||    51
       Orb of Destructio |       |       |       |       |       |     1 ||     1
Invok: Divine Energy     |       |       |     1 |       |       |       ||     1
Evoke: Wand              |       |       |       |     3 |     5 |     1 ||     9
       Lamp of fire      |       |       |       |       |       |     2 ||     2
       Fan of gales      |       |       |       |       |       |     1 ||     1
  Use: Scroll            |       |       |    10 |    14 |     7 |    13 ||    44
Armor: Robe              |     7 |     9 |       |       |    41 |   174 ||   231
       Ring mail         |       |    15 |    88 |   216 |    89 |       ||   408
Dodge: Dodged            |    19 |    43 |    82 |   254 |   200 |   560 ||  1158
       Deflected         |       |       |       |       |    34 |    12 ||    46
Block: Buckler           |       |       |       |       |    84 |   271 ||   355
       Rpst.: Long sword |       |     3 |    26 |       |       |       ||    29
       Scimitar          |       |       |     2 |    55 |    35 |       ||    92

Table legend:
 A = Spawn XP
 B = Non-spawn XP
 C = Spawn XP percentage of total XP
 D = Spawn monster count
 E = Non-spawn monster count
 F = Spawn count percentage of total count
 G = Total turns spent on level
                    A         B        C        D         E        F      G
               +---------+---------+-------+---------+---------+-------+---------
         Total |       0 |  271179 |   0.0 |       0 |    1046 |   0.0 | 49730
               +---------+---------+-------+---------+---------+-------+---------
           D:1 |       0 |      35 |   0.0 |       0 |      20 |   0.0 |   536
           D:2 |       0 |     235 |   0.0 |       0 |      27 |   0.0 |   932
           D:3 |       0 |     207 |   0.0 |       0 |      29 |   0.0 |  1468
           D:4 |       0 |     207 |   0.0 |       0 |      15 |   0.0 |  1694
           D:5 |       0 |    1912 |   0.0 |       0 |      63 |   0.0 |  1795
           D:6 |       0 |     410 |   0.0 |       0 |      10 |   0.0 |  1096
           D:7 |       0 |    3792 |   0.0 |       0 |      24 |   0.0 |   948
           D:8 |       0 |    3576 |   0.0 |       0 |      34 |   0.0 |   915
           D:9 |       0 |    3031 |   0.0 |       0 |      48 |   0.0 |  1298
          D:10 |       0 |    3371 |   0.0 |       0 |      57 |   0.0 |  1990
          D:11 |       0 |    6975 |   0.0 |       0 |      45 |   0.0 |  1390
          D:12 |       0 |    7223 |   0.0 |       0 |      32 |   0.0 |  1498
          D:13 |       0 |   11232 |   0.0 |       0 |      39 |   0.0 |  1204
          D:14 |       0 |   10211 |   0.0 |       0 |      31 |   0.0 |  1803
          D:15 |       0 |    8429 |   0.0 |       0 |      33 |   0.0 |  1677
        Lair:1 |       0 |    5611 |   0.0 |       0 |      27 |   0.0 |  1516
        Lair:2 |       0 |    6438 |   0.0 |       0 |      35 |   0.0 |  1657
        Lair:3 |       0 |   19952 |   0.0 |       0 |      40 |   0.0 |  2142
        Lair:4 |       0 |    4217 |   0.0 |       0 |      17 |   0.0 |  1616
        Lair:5 |       0 |    7325 |   0.0 |       0 |      24 |   0.0 |  1530
        Lair:6 |       0 |   19235 |   0.0 |       0 |      48 |   0.0 |  1698
      Spider:1 |       0 |    6214 |   0.0 |       0 |      19 |   0.0 |    40
         Orc:1 |       0 |    6272 |   0.0 |       0 |      53 |   0.0 |  2214
         Orc:2 |       0 |    7211 |   0.0 |       0 |      82 |   0.0 |  2391
         Elf:1 |       0 |   10448 |   0.0 |       0 |      18 |   0.0 |  2106
         Elf:2 |       0 |   61920 |   0.0 |       0 |      74 |   0.0 |  7306
         Elf:3 |       0 |   49363 |   0.0 |       0 |      48 |   0.0 |  3096
         IceCv |       0 |    6127 |   0.0 |       0 |      54 |   0.0 |  2105
               +---------+---------+-------+---------+---------+-------+---------
